 Dungeon Crawl Stone Soup version 0.21.1-1-g345015f (webtiles) character file.

240494 tidbits the Warrior (level 19, -6/185 HPs)
             Began as a Gnoll Transmuter on Feb 16, 2018.
             Was a High Priest of Cheibriados.
             Mangled by a very large slime creature (27 damage)
             ... while paralysed by a great orb of eyes
             ... on level 4 of the Pits of Slime on Feb 19, 2018.
             The game lasted 04:00:18 (10061 turns).

tidbits the Warrior (Gnoll Transmuter)             Turns: 10061, Time: 04:00:19

Health: -6/185     AC: 15    Str: 30    XL:     19   Next: 33%
Magic:  10/36      EV:  2    Int: 34    God:    Cheibriados [*****.]
Gold:   1427       SH:  0    Dex: 34    Spells: 0/44 levels left

rFire    . . .     SeeInvis +     - Unarmed
rCold    + + .     Gourm    .   D - +2 buckler
rNeg     + . .     Faith    .   (armour currently unavailable)
rPois    ∞         Spirit   .   E - +2 hat {Int+3}
rElec    +         Reflect  .   C - scarf {repulsion}
rCorr    +         Harm     .   (gloves currently unavailable)
MR       ++...                  (boots currently unavailable)
Stlth    ++........             f - amulet "Ytoybben" {RegenMP MR+ Slay+3}
HPRegen  0.40/turn              I - ring "Foihin" {rC++ Str+6 Int-5 SInv}
MPRegen  0.50/turn              K - ring "Eklejun" {rCorr Dex+6}

@: confused, paralysed, statue-form, corroded, very slightly contaminated,
studying Fighting, repel missiles, very slow
A: distributed training, fangs 1, blurry vision 1, frail 1, screaming 1, strong
nose
}: 2/15 runes: serpentine, barnacled
a: End Transformation, Bend Time, Temporal Distortion, Slouch, Step From Time,
Renounce Religion


You were on level 4 of the Pits of Slime.
You worshipped Cheibriados.
Cheibriados was extremely pleased with you.
You were not hungry.
You were a stone statue.
You visited 8 branches of the dungeon, and saw 36 of its levels.
You visited the Abyss 1 time.
You also visited: Ice Cave.

You collected 5406 gold pieces.
You spent 3979 gold pieces at shops.

Inventory:

Missiles
 n - 8 throwing nets {!f}
 s - 12 javelins of returning (quivered)
 S - 398 arrows
Armour
 B - the +2 scale mail "Fuhoustyumm" (melded) {rN++ Regen+ Dex-4 Slay+4}
   (You bought it in a shop on level 2 of the Orcish Mines)

   It affects your dexterity (-4).
   It affects your accuracy and damage with ranged weapons and melee attacks
   (+4).
   It greatly protects you from negative energy.
   It increases your rate of regeneration.
 C - a scarf of repulsion (worn)
   (You found it on level 4 of the Shoals)
 D - a +2 buckler (worn)
 E - a +2 hat of intelligence (worn)
   (You took it off Gastronok on level 11 of the Dungeon)
 F - a +1 pair of boots of stealth (melded)
   (You found it on level 3 of the Elven Halls)
 G - a +2 pair of gloves (melded)
Jewellery
 f - the amulet "Ytoybben" (around neck) {RegenMP MR+ Slay+3}
   (You took it off a vampire mage on level 1 of the Elven Halls)

   [amulet of magic regeneration]

   It increases your magic regeneration.
   It affects your accuracy and damage with ranged weapons and melee attacks
   (+3).
   It affects your resistance to hostile enchantments.
 H - an uncursed ring of protection from magic
   (You took it off a kobold demonologist on level 1 of the Elven Halls)
 I - the ring "Foihin" (left hand) {rC++ Str+6 Int-5 SInv}
   (You found it in an ice cave)

   [ring of see invisible]

   It affects your strength (+6).
   It affects your intelligence (-5).
   It greatly protects you from cold.
   It lets you see invisible.
 K - the ring "Eklejun" (right hand) {rCorr Dex+6}
   (You took it off a deep elf demonologist on level 3 of the Elven Halls)

   [ring of resist corrosion]

   It affects your dexterity (+6).
 V - a +4 ring of evasion
   (You found it on level 1 of the Dungeon)
 W - an uncursed ring of wizardry
   (You found it on level 8 of the Dungeon)
Wands
 d - a wand of digging (24)
 p - a wand of acid (4)
 t - a wand of scattershot (1)
 X - a wand of iceblast (8)
Scrolls
 a - 2 scrolls of magic mapping
 g - 8 scrolls of teleportation
 i - 2 scrolls of identify
 o - a scroll of summoning
 r - 15 scrolls of remove curse
 x - 4 scrolls of immolation
 z - a scroll of fog
 J - 7 scrolls of fear
 P - a scroll of torment
 Z - 4 scrolls of blinking
Potions
 e - 4 potions of resistance
 h - 3 potions of flight
 l - 2 potions of ambrosia
 m - 4 potions of brilliance
 q - 6 potions of heal wounds
 v - 10 potions of curing
 R - 6 potions of might
 T - 2 potions of mutation {!q}
 Y - 8 potions of agility
Books
 k - a book of Spatial Translocations
   (You found it on level 3 of the Elven Halls)

   Spells                             Type                      Level
   a - Blink                          Translocation                2
   b - Shroud of Golubria             Charms/Translocation         2
   c - Lesser Beckoning               Translocation                3
   d - Gell's Gravitas                Translocation                3
   e - Teleport Other                 Translocation                3
   f - Passage of Golubria            Translocation                4
 A - a book of Transfigurations
   (You found it on level 3 of the Elven Halls)

   Spells                             Type                      Level
   a - Irradiate                      Conjuration/Transmutation    5
   b - Statue Form                    Transmutation/Earth          6
   c - Hydra Form                     Transmutation                6
   d - Dragon Form                    Transmutation                7
 O - a manual of Fighting
   (You bought it in a shop on level 4 of the Dungeon)
Miscellaneous
 u - a lightning rod (4/4)
 y - a lamp of fire
 L - 3 sacks of spiders
 M - a phantom mirror
 Q - a phial of floods
Comestibles
 c - 30 rations


   Skills:
 + Level 16.4 Fighting
 + Level 12.5 Short Blades
 + Level 12.5 Long Blades
 + Level 12.5 Axes
 + Level 12.5 Maces & Flails
 + Level 12.5 Polearms
 + Level 12.5 Staves
 + Level 12.5 Slings
 + Level 12.5 Bows
 + Level 12.5 Crossbows
 + Level 12.5 Throwing
 + Level 12.5 Armour
 + Level 13.2 Dodging
 + Level 12.5 Stealth
 + Level 12.5 Shields
 + Level 13.8 Unarmed Combat
 + Level 13.3 Spellcasting
 + Level 10.7 Conjurations
 + Level 10.7 Hexes
 + Level 10.7 Charms
 + Level 10.7 Summonings
 + Level 10.7 Necromancy
 + Level 10.7 Translocations
 + Level 11.3 Transmutations
 + Level 10.7 Fire Magic
 + Level 10.7 Ice Magic
 + Level 10.7 Air Magic
 + Level 10.7 Earth Magic
 + Level 10.7 Poison Magic
 + Level 13.5 Invocations
 + Level 12.5 Evocations


You couldn't memorise any spells.
You knew the following spells:

 Your Spells              Type           Power        Failure   Level  Hunger
b - Blink                 Tloc           N/A          1%          2    None
c - Confuse               Hex            #######.     1%          3    None
e - Beastly Appendage     Tmut           ######       1%          1    None
g - Passage of Golubria   Tloc           N/A          1%          4    None
k - Sticks to Snakes      Tmut           #######.     1%          2    None
n - Animate Skeleton      Necr           N/A          1%          1    None
o - Corona                Hex            #######      1%          1    None
p - Passwall              Tmut/Erth      #######...   1%          2    None
r - Regeneration          Chrm/Necr      #######...   1%          3    None
s - Statue Form           Tmut/Erth      #######..    3%          6    ###....
v - Borgnjor's Vile Clut  Necr/Erth      #######...   1%          5    None
A - Apportation           Tloc           ######       1%          1    None
L - Summon Lightning Spi  Summ/Air       #######.     1%          4    None
N - Animate Dead          Necr           N/A          1%          4    None
R - Irradiate             Conj/Tmut      #######...   1%          5    None


Dungeon Overview and Level Annotations

Branches:
Dungeon (12/15)            Temple (1/1) D:7            Lair (6/6) D:9
 Shoals (4/4) Lair:4        Snake (4/4) Lair:4        Slime (4/5) Lair:5
    Orc (2/2) D:9             Elf (3/3) Orc:2

Altars:
Cheibriados
Dithmenos
Fedhas
Hepliaklqana
Kikubaaqudgha
Nemelex Xobeh
Okawaru
Qazlal
Sif Muna
Vehumet
Wu Jian
Xom
Yredelemnul
Zin
The Shining One
Jiyva

Shops:
D:4 :   D:7 (   D:8 }   Orc:2 :[!!   Elf:3 :   Snake:2 (

Portals:
Pandemonium: Orc:2


Innate Abilities, Weirdness & Mutations

Your experience applies equally to all skills.
You have very sharp teeth.
Your uncanny sense of smell can sniff out nearby items.
((You are partially covered in molten scales. (AC +2)))
Scrolls take you a little longer to read.
You are frail. (-10% HP)
You occasionally shout uncontrollably at your foes.


Message History

Your vision blurs.
The slime creature hits your lightning spire but does no damage.
The very large slime creature misses you.
You punch the acid blob!
Your hands burn!
The acid blob is severely wounded.
The acid blob spits acid at you. The splash of acid hits you!
The acid corrodes you!
You are splashed with acid!
The acid burns!
You resist. The acid blob closely misses you.
The golden eye blinks!
The slime creature hits you!
Your lightning spire shoots out a bolt of lightning at the slime creature!
The bolt of electricity hits the slime creature.
The slime creature dies!
Cheibriados appreciates the change of pace.
The bolt of electricity hits your lightning spire.
Your lightning spire completely resists.
The great orb of eyes gazes at you. You resist with almost no effort.
The acid blob hits you but does no damage.
The very large slime creature misses you.
The acid blob closely misses you. The golden eye blinks at you.
You resist with almost no effort.
An acid blob comes into view.
You're too confused to move!
The slime creature misses you. The acid blob spits acid at you.
The splash of acid hits you! You resist.
You are splashed with acid!
The acid burns!
You resist. The golden eye blinks at you. You resist with almost no effort.
The acid blob hits you.
You are splashed with acid!
The acid burns!
You resist.
The great orb of eyes bites you but does no damage.
The very large slime creature completely misses you.
The golden eye blinks at you.
You are more confused.
The eye of draining gazes at you.
You feel your power leaking away. The slime creature hits you.
Your lightning spire shoots out a bolt of lightning at the acid blob!
The bolt of electricity hits the shining eye.
The bolt of electricity hits the acid blob.
The acid blob closely misses you.
A shining eye comes into view.
You barely miss the great orb of eyes.
You bite the great orb of eyes, but do no damage.
The great orb of eyes is severely wounded.
The acid blob spits acid at you. The splash of acid hits you!
You are splashed with acid!
The acid burns!
You resist.
The golden eye blinks!
The great orb of eyes gazes at you.
You suddenly lose the ability to move!
The very large slime creature hits you. The shining eye gazes at you.
Strange energies course through your body.
You feel frail. The golden eye blinks at you. You resist with almost no effort.
The slime creature hits you but does no damage.
Your lightning spire shoots out a bolt of lightning at the acid blob!
The bolt of electricity hits the shining eye.
The bolt of electricity hits the acid blob.
The acid blob dies!
Cheibriados appreciates the change of pace.
Cheibriados raises the support of your attributes as your movement slows.
The acid blob hits you!
You are splashed with acid!
The acid burns!
You resist. The golden eye blinks at you. You resist with almost no effort.
The eye of draining gazes at you.
You feel your power leaking away. The great orb of eyes gazes at you.
You resist with almost no effort.
The very large slime creature hits you!!
* * * LOW HITPOINT WARNING * * *
The slime creature hits you but does no damage.
The golden eye blinks at you. You resist with some effort.
The acid blob hits you but does no damage.
A golden eye comes into view.
The golden eye blinks!
The great orb of eyes bites you!
* * * LOW HITPOINT WARNING * * *
The very large slime creature hits you!!
* * * LOW HITPOINT WARNING * * *
The acid blob spits acid at you.
Helpless, you fail to dodge the splash of acid.
You resist.
* * * LOW HITPOINT WARNING * * *
The acid corrodes you!
You are splashed with acid!
The acid burns!
You resist.
* * * LOW HITPOINT WARNING * * *
The slime creature hits you but does no damage.
The golden eye blinks at you. You resist with almost no effort.
The golden eye blinks at you.
You are more confused.
The great orb of eyes bites you.
* * * LOW HITPOINT WARNING * * *
The acid blob hits you but does no damage.
The acid blob spits acid at you.
Helpless, you fail to dodge the splash of acid.
You are splashed with acid!
The acid burns!
You resist.
* * * LOW HITPOINT WARNING * * *
The very large slime creature hits you!!
You die...

..........#
.>........####
.............#.
..........G....
..<..........
...........
..G#G#.JG..#
..G..GJ8G..#
.....§JGJ..#
.....8.....#
............#
.#.#....#..##
.. ....##... .
..... #.##
...... ..


You could see 2 acid blobs, a great orb of eyes, a very large slime creature, a
slime creature, 2 shining eyes, 2 eyes of draining, 3 golden eyes and a friendly
lightning spire.

Vanquished Creatures
  A Brimstone Fiend (Shoals:1)
  Jorgrun (Elf:3)
  7 acid blobs
  A deep elf master archer (Elf:3)
  Gastronok (D:11)
  2 azure jellies
  Ilsuiw (Shoals:4)
  9 nagarajas
  5 deep elf sorcerers (Elf:3)
  An orc warlord (Orc:1)
  8 deep elf elementalists (Elf:3)
  A very ugly thing (IceCv)
  7 deep elf demonologists
  Nessos (Lair:5)
  8 deep elf annihilators (Elf:3)
  5 merfolk impalers
  2 merfolk javelineers (Shoals:4)
  A death ooze (Slime:3)
  A mummy priest (Elf:1)
  3 hydras
  2 deep elf high priests (Elf:3)
  2 great orbs of eyes (Slime:1)
  8 naga warriors
  4 anacondas
  Erolcha (Orc:1)
  5 merfolk avatars
  8 merfolk aquamancers
  An alligator snapping turtle (Shoals:4)
  6 dancing weapons
  3 death yaks (Lair:6)
  A satyr (Shoals:3)
  2 two-headed ogres
  2 vampire magi (Elf:1)
  Urug (Lair:4)
  8 orc high priests
  8 naga sharpshooters
  A soul eater (Orc:2)
  Nergalle (Lair:4)
  Sonja (Orc:2)
  A sun demon (Orc:2)
  A deep elf knight (Elf:3)
  4 sea snakes
  A salamander mystic (Snake:4)
  9 naga ritualists
  An infernal demonspawn (Orc:2)
  9 deep elf archers
  6 orc knights
  A gelid demonspawn (Orc:2)
  4 harpies (Shoals:4)
  29 deep elf magi
  7 orc sorcerers (Orc:2)
  3 oklob plants
  16 mana vipers
  3 fauns (Shoals:3)
  A shining eye (Slime:3)
  A cyclops (D:11)
  An elephant (Lair:6)
  5 ice statues (IceCv)
  3 manticores
  4 salamanders
  7 water nymphs
  2 merfolk sirens
  5 guardian serpents
  An eye of devastation (Slime:3)
  An orange demon (Orc:2)
  27 black mambas
  21 naga magi
  3 spiny frogs
  A rime drake (Lair:5)
  4 komodo dragons
  2 kobold demonologists (Elf:1)
  2 anaconda simulacra (IceCv)
  4 wind drakes (Shoals:4)
  8 trolls
  5 polar bears
  A red devil (Orc:2)
  23 merfolk
  Grinder (D:4)
  6 hornets (Lair:6)
  18 dream sheep
  10 hippogriffs
  26 slime creatures
  5 snapping turtles (Shoals:4)
  A dire elephant simulacrum (IceCv)
  12 water elementals
  A wyvern (Lair:6)
  20 yaks
  12 spriggans (Lair:6)
  Eustachio (D:6)
  A golden eye (Slime:4)
  2 basilisks (Lair:6)
  A hungry ghost (D:8)
  Grum (D:8)
  2 iron troll simulacra (IceCv)
  A harpy simulacrum (IceCv)
  3 wargs
  48 nagas
  8 water moccasins
  A hydra simulacrum (IceCv)
  3 porcupines
  A floating eye (Slime:2)
  29 orc warriors
  4 sky beasts
  3 ice beasts
  3 phantoms
  4 black bears
  2 eyes of draining (Slime:2)
  6 boggarts
  2 centaurs
  20 wolves
  10 ogres
  7 crocodiles
  7 bullfrogs
  A big kobold (D:11)
  2 gnoll sergeants
  Blork the orc (D:5)
  A wyvern skeleton (D:9)
  4 killer bees (D:8)
  A scorpion (D:10)
  A wight (D:12)
  2 electric eels (Elf:3)
  2 howler monkeys
  2 crimson imps (D:5)
  A centaur zombie (D:8)
  2 bullfrog zombies
  A jelly (D:9)
  32 orc priests
  A gnoll shaman (Orc:1)
  4 hounds
  2 iguanas
  A bullfrog skeleton (D:11)
  24 orc wizards
  4 worker ants
  2 hound skeletons
  A worker ant zombie (D:5)
  Robin (D:2)
  11 gnolls
  9 adders
  4 shadow imps
  2 adder skeletons
  A worm (D:2)
  2 dart slugs
  6 leopard geckos
  70 orcs
  3 giant cockroaches
  15 goblins
  9 hobgoblins
  9 jackals
  2 quokkas (D:2)
  4 bats
  3 frilled lizards
  9 kobolds
  A leopard gecko skeleton (D:4)
  10 rats
  4 fungi
  A plant (Lair:4)
908 creatures vanquished.

Vanquished Creatures (collateral kills)
  A deep elf master archer (Elf:3)
  An acid blob (Slime:4)
  A very ugly thing (IceCv)
  3 slime creatures
  A deep elf annihilator (Elf:3)
  2 merfolk javelineers (Shoals:4)
  A deep elf high priest (Elf:3)
  A merfolk aquamancer (Shoals:4)
  A death yak (Lair:6)
  A gelid demonspawn (Orc:2)
  A shining eye (Slime:1)
  A merfolk siren (Shoals:4)
  A spiny frog (Lair:6)
  4 merfolk (Shoals:4)
  A wind drake (Shoals:4)
  A dream sheep (Lair:5)
  A hippogriff (Shoals:4)
  A water elemental (Shoals:4)
  A yak (Lair:6)
  A neqoxec (Orc:2)
  Menkaure (D:4)
  A harpy simulacrum (IceCv)
  An iron troll simulacrum (IceCv)
  4 ice beasts (IceCv)
  2 wolves (Lair:6)
  A water moccasin zombie (D:5)
  A howler monkey (D:8)
  A crimson imp (D:9)
  A bullfrog skeleton (D:5)
  An adder (D:5)
  An orc (D:4)
  A jackal (D:2)
42 creatures vanquished.

Vanquished Creatures (others)
  A deep elf blademaster (Elf:3)
  A merfolk javelineer (Shoals:4)
  A merfolk aquamancer (Shoals:4)
  An orc wizard (Orc:1)
  An orc (Orc:1)
  A rat (D:2)
  3 fungi
  5 plants
14 creatures vanquished.

Grand Total: 964 creatures vanquished

Notes
Turn   | Place    | Note
-------+----------+-------------------------------------------
     0 | D:1      | tidbits the Gnoll Transmuter began the quest for the Orb.
     0 | D:1      | Reached XP level 1. HP: 17/17 MP: 6/6
     3 | D:1      | Noticed an electric eel
     3 | D:1      | Noticed an electric eel
   100 | D:1      | Reached XP level 2. HP: 20/23 MP: 7/7
   104 | D:1      | Learned a level 2 spell: Sticks to Snakes
   265 | D:1      | You fall through a shaft!
   274 | D:2      | Reached XP level 3. HP: 28/28 MP: 7/9
   277 | D:2      | Reached skill level 5 in Spellcasting
   286 | D:2      | Found a glowing silver altar of Zin.
   343 | D:2      | Reached skill level 1 in Invocations
   434 | D:2      | Learned a level 1 spell: Corona
   444 | D:2      | Learned a level 3 spell: Spider Form
   540 | D:2      | Reached skill level 1 in Short Blades
   540 | D:2      | Reached skill level 1 in Long Blades
   540 | D:2      | Reached skill level 1 in Axes
   540 | D:2      | Reached skill level 1 in Maces & Flails
   540 | D:2      | Reached skill level 1 in Polearms
   540 | D:2      | Reached skill level 1 in Staves
   540 | D:2      | Reached skill level 1 in Slings
   540 | D:2      | Reached skill level 1 in Bows
   540 | D:2      | Reached skill level 1 in Crossbows
   540 | D:2      | Reached skill level 1 in Throwing
   540 | D:2      | Reached skill level 1 in Armour
   540 | D:2      | Reached skill level 1 in Stealth
   540 | D:2      | Reached skill level 1 in Shields
   540 | D:2      | Reached skill level 1 in Evocations
   540 | D:2      | Reached XP level 4. HP: 27/34 MP: 0/11
   626 | D:2      | Noticed Robin
   669 | D:2      | Killed Robin
   669 | D:2      | Reached skill level 1 in Conjurations
   669 | D:2      | Reached skill level 1 in Hexes
   669 | D:2      | Reached skill level 1 in Charms
   669 | D:2      | Reached skill level 1 in Summonings
   669 | D:2      | Reached skill level 1 in Necromancy
   669 | D:2      | Reached skill level 1 in Translocations
   669 | D:2      | Reached skill level 1 in Fire Magic
   669 | D:2      | Reached skill level 1 in Ice Magic
   669 | D:2      | Reached skill level 1 in Air Magic
   669 | D:2      | Reached skill level 1 in Earth Magic
   669 | D:2      | Reached skill level 1 in Poison Magic
   708 | D:3      | Learned a level 3 spell: Confuse
   769 | D:3      | Reached XP level 5. HP: 30/40 MP: 3/12
   864 | D:5      | Entered Level 5 of the Dungeon
   895 | D:6      | Reached skill level 3 in Fighting
   910 | D:6      | Reached skill level 4 in Transmutations
   975 | D:6      | Noticed a sky beast
   988 | D:6      | Killed a sky beast
   988 | D:6      | Reached skill level 2 in Invocations
   988 | D:6      | Reached XP level 6. HP: 27/47 MP: 4/13
  1001 | D:7      | Noticed an orc warrior
  1058 | D:6      | Noticed Eustachio
  1071 | D:6      | Reached skill level 5 in Dodging
  1076 | D:6      | Reached skill level 2 in Short Blades
  1076 | D:6      | Reached skill level 2 in Long Blades
  1076 | D:6      | Reached skill level 2 in Axes
  1076 | D:6      | Reached skill level 2 in Maces & Flails
  1076 | D:6      | Reached skill level 2 in Polearms
  1076 | D:6      | Reached skill level 2 in Staves
  1076 | D:6      | Reached skill level 2 in Slings
  1076 | D:6      | Reached skill level 2 in Bows
  1076 | D:6      | Reached skill level 2 in Crossbows
  1076 | D:6      | Reached skill level 2 in Throwing
  1076 | D:6      | Reached skill level 2 in Armour
  1076 | D:6      | Reached skill level 2 in Stealth
  1076 | D:6      | Reached skill level 2 in Shields
  1076 | D:6      | Reached skill level 2 in Evocations
  1083 | D:6      | Killed Eustachio
  1083 | D:6      | Reached XP level 7. HP: 38/52 MP: 3/15
  1146 | D:5      | Noticed Blork the orc
  1153 | D:5      | Killed Blork the orc
  1153 | D:5      | Reached skill level 7 in Unarmed Combat
  1161 | D:5      | Reached skill level 2 in Conjurations
  1161 | D:5      | Reached skill level 2 in Hexes
  1161 | D:5      | Reached skill level 2 in Charms
  1161 | D:5      | Reached skill level 2 in Summonings
  1161 | D:5      | Reached skill level 2 in Necromancy
  1161 | D:5      | Reached skill level 2 in Translocations
  1161 | D:5      | Reached skill level 2 in Fire Magic
  1161 | D:5      | Reached skill level 2 in Ice Magic
  1161 | D:5      | Reached skill level 2 in Air Magic
  1161 | D:5      | Reached skill level 2 in Earth Magic
  1161 | D:5      | Reached skill level 2 in Poison Magic
  1308 | D:4      | Found a blossoming altar of Fedhas.
  1360 | D:4      | Noticed Grinder
  1370 | D:4      | Killed Grinder
  1370 | D:4      | Reached skill level 3 in Invocations
  1370 | D:4      | Reached XP level 8. HP: 49/60 MP: 4/16
  1414 | D:4      | Noticed Menkaure
  1430 | D:4      | Killed Menkaure
  1430 | D:4      | Reached skill level 4 in Fighting
  1430 | D:4      | Reached skill level 3 in Short Blades
  1430 | D:4      | Reached skill level 3 in Long Blades
  1430 | D:4      | Reached skill level 3 in Axes
  1430 | D:4      | Reached skill level 3 in Maces & Flails
  1430 | D:4      | Reached skill level 3 in Polearms
  1430 | D:4      | Reached skill level 3 in Staves
  1430 | D:4      | Reached skill level 3 in Slings
  1430 | D:4      | Reached skill level 3 in Bows
  1430 | D:4      | Reached skill level 3 in Crossbows
  1430 | D:4      | Reached skill level 3 in Throwing
  1430 | D:4      | Reached skill level 3 in Armour
  1430 | D:4      | Reached skill level 3 in Stealth
  1430 | D:4      | Reached skill level 3 in Shields
  1430 | D:4      | Reached skill level 3 in Evocations
  1434 | D:4      | Found Riagair's Book Shoppe.
  1443 | D:4      | Bought a book of Cantrips for 220 gold pieces
  1445 | D:4      | Learned a level 1 spell: Animate Skeleton
  1447 | D:4      | Learned a level 1 spell: Apportation
  1478 | D:4      | Found a shadowy altar of Dithmenos.
  1552 | D:4      | Found a hazy altar of Hepliaklqana.
  1661 | D:5      | Reached skill level 6 in Spellcasting
  1822 | D:7      | Found a staircase to the Ecumenical Temple.
  1829 | Temple   | Entered the Ecumenical Temple
  1894 | Temple   | Became a worshipper of Cheibriados the Contemplative
  1953 | D:7      | Found Lileu's Antique Weapon Shop.
  2075 | D:8      | Reached skill level 3 in Conjurations
  2075 | D:8      | Reached skill level 3 in Hexes
  2075 | D:8      | Reached skill level 3 in Charms
  2075 | D:8      | Reached skill level 3 in Summonings
  2075 | D:8      | Reached skill level 3 in Necromancy
  2075 | D:8      | Reached skill level 3 in Translocations
  2075 | D:8      | Reached skill level 3 in Fire Magic
  2075 | D:8      | Reached skill level 3 in Ice Magic
  2075 | D:8      | Reached skill level 3 in Air Magic
  2075 | D:8      | Reached skill level 3 in Earth Magic
  2075 | D:8      | Reached skill level 3 in Poison Magic
  2075 | D:8      | Reached skill level 4 in Invocations
  2075 | D:8      | Reached XP level 9. HP: 24/66 MP: 13/18
  2100 | D:8      | Reached skill level 6 in Dodging
  2106 | D:8      | Reached skill level 5 in Transmutations
  2186 | D:8      | Learned a level 5 spell: Blade Hands
  2233 | D:8      | Reached * piety under Cheibriados
  2241 | D:8      | Reached skill level 4 in Short Blades
  2241 | D:8      | Reached skill level 4 in Long Blades
  2241 | D:8      | Reached skill level 4 in Axes
  2241 | D:8      | Reached skill level 4 in Maces & Flails
  2241 | D:8      | Reached skill level 4 in Polearms
  2241 | D:8      | Reached skill level 4 in Staves
  2241 | D:8      | Reached skill level 4 in Slings
  2241 | D:8      | Reached skill level 4 in Bows
  2241 | D:8      | Reached skill level 4 in Crossbows
  2241 | D:8      | Reached skill level 4 in Throwing
  2241 | D:8      | Reached skill level 4 in Armour
  2241 | D:8      | Reached skill level 4 in Stealth
  2241 | D:8      | Reached skill level 4 in Shields
  2241 | D:8      | Reached skill level 4 in Evocations
  2320 | D:8      | Noticed Grum
  2328 | D:8      | Killed Grum
  2328 | D:8      | Reached skill level 5 in Fighting
  2335 | D:8      | Found Lizxuhuo's Gadget Shop.
  2346 | D:9      | Found a staircase to the Orcish Mines.
  2370 | D:9      | Reached skill level 8 in Unarmed Combat
  2374 | D:9      | Reached skill level 5 in Invocations
  2483 | D:9      | Reached ** piety under Cheibriados
  2483 | D:9      | Reached XP level 10. HP: 28/74 MP: 14/20
  2506 | D:9      | Reached skill level 7 in Spellcasting
  2532 | D:9      | Noticed a two-headed ogre
  2542 | D:9      | Killed a two-headed ogre
  2542 | D:9      | Reached skill level 5 in Short Blades
  2542 | D:9      | Reached skill level 5 in Long Blades
  2542 | D:9      | Reached skill level 5 in Axes
  2542 | D:9      | Reached skill level 5 in Maces & Flails
  2542 | D:9      | Reached skill level 5 in Polearms
  2542 | D:9      | Reached skill level 5 in Staves
  2542 | D:9      | Reached skill level 5 in Slings
  2542 | D:9      | Reached skill level 5 in Bows
  2542 | D:9      | Reached skill level 5 in Crossbows
  2542 | D:9      | Reached skill level 5 in Throwing
  2542 | D:9      | Reached skill level 5 in Armour
  2542 | D:9      | Reached skill level 5 in Stealth
  2542 | D:9      | Reached skill level 5 in Shields
  2542 | D:9      | Reached skill level 4 in Conjurations
  2542 | D:9      | Reached skill level 4 in Hexes
  2542 | D:9      | Reached skill level 4 in Charms
  2542 | D:9      | Reached skill level 4 in Summonings
  2542 | D:9      | Reached skill level 4 in Necromancy
  2542 | D:9      | Reached skill level 4 in Translocations
  2542 | D:9      | Reached skill level 4 in Fire Magic
  2542 | D:9      | Reached skill level 4 in Ice Magic
  2542 | D:9      | Reached skill level 4 in Air Magic
  2542 | D:9      | Reached skill level 4 in Earth Magic
  2542 | D:9      | Reached skill level 4 in Poison Magic
  2542 | D:9      | Reached skill level 5 in Evocations
  2589 | D:9      | Identified a scroll of acquirement
  2592 | D:9      | tidbits: Acquired $2290
  2702 | D:10     | Entered Level 10 of the Dungeon
  2765 | D:7      | Reached skill level 7 in Dodging
  2847 | D:4      | Bought a book of Necromancy for 330 gold pieces
  2847 | D:4      | Bought a book of Minor Magic for 220 gold pieces
  2847 | D:4      | Bought a manual of Fighting for 1214 gold pieces
  2853 | D:4      | Learned a level 5 spell: Borgnjor's Vile Clutch
  2988 | D:7      | Bought a slimy hand axe for 232 gold pieces
  2990 | D:7      | Identified the +4 hand axe of the Pyrrhic Victory {vamp, rC+ Int+4} (You bought it in a shop on level 7 of the Dungeon)
  3157 | Orc:1    | Entered Level 1 of the Orcish Mines
  3157 | Orc:1    | Noticed an orc high priest
  3163 | Orc:1    | Reached skill level 6 in Fighting
  3164 | Orc:1    | Noticed an orange demon
  3166 | Orc:1    | Killed an orc high priest
  3166 | Orc:1    | Reached skill level 6 in Transmutations
  3166 | Orc:1    | Reached skill level 6 in Invocations
  3169 | Orc:1    | Reached *** piety under Cheibriados
  3201 | Orc:2    | Entered Level 2 of the Orcish Mines
  3201 | Orc:2    | Found a staircase to the Elven Halls.
  3201 | Orc:2    | Noticed an orc sorcerer
  3275 | Orc:1    | Noticed an orc knight
  3285 | Orc:1    | Killed an orc knight
  3285 | Orc:1    | Reached XP level 11. HP: 49/83 MP: 9/22
  3346 | Orc:1    | Learned a level 3 spell: Regeneration
  3372 | Orc:2    | Reached **** piety under Cheibriados
  3375 | Orc:2    | Reached skill level 7 in Fighting
  3382 | Orc:2    | Noticed a cyclops
  3407 | Orc:2    | Killed an orc sorcerer
  3488 | Orc:1    | Noticed a two-headed ogre
  3490 | Orc:1    | Noticed an orc knight
  3493 | Orc:1    | Killed a two-headed ogre
  3493 | Orc:1    | Reached skill level 6 in Short Blades
  3493 | Orc:1    | Reached skill level 6 in Long Blades
  3493 | Orc:1    | Reached skill level 6 in Axes
  3493 | Orc:1    | Reached skill level 6 in Maces & Flails
  3493 | Orc:1    | Reached skill level 6 in Polearms
  3493 | Orc:1    | Reached skill level 6 in Staves
  3493 | Orc:1    | Reached skill level 6 in Slings
  3493 | Orc:1    | Reached skill level 6 in Bows
  3493 | Orc:1    | Reached skill level 6 in Crossbows
  3493 | Orc:1    | Reached skill level 6 in Throwing
  3493 | Orc:1    | Reached skill level 6 in Armour
  3493 | Orc:1    | Reached skill level 6 in Stealth
  3493 | Orc:1    | Reached skill level 6 in Shields
  3493 | Orc:1    | Reached skill level 9 in Unarmed Combat
  3493 | Orc:1    | Reached skill level 5 in Conjurations
  3493 | Orc:1    | Reached skill level 5 in Hexes
  3493 | Orc:1    | Reached skill level 5 in Charms
  3493 | Orc:1    | Reached skill level 5 in Summonings
  3493 | Orc:1    | Reached skill level 5 in Necromancy
  3493 | Orc:1    | Reached skill level 5 in Translocations
  3493 | Orc:1    | Reached skill level 5 in Fire Magic
  3493 | Orc:1    | Reached skill level 5 in Ice Magic
  3493 | Orc:1    | Reached skill level 5 in Air Magic
  3493 | Orc:1    | Reached skill level 5 in Earth Magic
  3493 | Orc:1    | Reached skill level 5 in Poison Magic
  3493 | Orc:1    | Reached skill level 6 in Evocations
  3500 | Orc:2    | Reached skill level 8 in Spellcasting
  3554 | Orc:1    | Noticed Erolcha
  3554 | Orc:1    | Noticed an orc warlord
  3592 | Orc:1    | Killed an orc knight
  3592 | Orc:1    | Reached ***** piety under Cheibriados
  3666 | Orc:1    | Reached skill level 7 in Invocations
  3673 | Orc:1    | Killed Erolcha
  3673 | Orc:1    | Reached skill level 8 in Fighting
  3673 | Orc:1    | Reached skill level 8 in Dodging
  3691 | Orc:1    | Killed an orc warlord
  3791 | Orc:2    | Found Sokhouca's Distillery.
  3798 | Orc:2    | Reached XP level 12. HP: 73/94 MP: 14/24
  3799 | Orc:2    | Found Romucw's Distillery.
  3882 | Orc:2    | Bought a potion of degeneration for 10 gold pieces
  3882 | Orc:2    | Bought a potion of heal wounds for 50 gold pieces
  3882 | Orc:2    | Bought a potion of brilliance for 40 gold pieces
  3882 | Orc:2    | Bought a potion of curing for 30 gold pieces
  3882 | Orc:2    | Bought a potion of curing for 30 gold pieces
  3884 | Orc:2    | Bought a potion of mutation for 112 gold pieces
  3884 | Orc:2    | Bought a potion of might for 56 gold pieces
  3884 | Orc:2    | Gained mutation: You are agile. (Dex +2) [potion of mutation]
  3884 | Orc:2    | Gained mutation: You are robust. (+10% HP) [potion of mutation]
  3884 | Orc:2    | Gained mutation: You are partially covered in molten scales. (AC +2) [potion of mutation]
  3896 | Orc:2    | Reached skill level 7 in Transmutations
  3969 | Orc:2    | Noticed an orc high priest
  3970 | Orc:2    | Killed an orc high priest
  3970 | Orc:2    | Reached skill level 7 in Short Blades
  3970 | Orc:2    | Reached skill level 7 in Long Blades
  3970 | Orc:2    | Reached skill level 7 in Axes
  3970 | Orc:2    | Reached skill level 7 in Maces & Flails
  3970 | Orc:2    | Reached skill level 7 in Polearms
  3970 | Orc:2    | Reached skill level 7 in Staves
  3970 | Orc:2    | Reached skill level 7 in Slings
  3970 | Orc:2    | Reached skill level 7 in Bows
  3970 | Orc:2    | Reached skill level 7 in Crossbows
  3970 | Orc:2    | Reached skill level 7 in Throwing
  3970 | Orc:2    | Reached skill level 7 in Armour
  3970 | Orc:2    | Reached skill level 7 in Stealth
  3970 | Orc:2    | Reached skill level 7 in Shields
  3970 | Orc:2    | Reached skill level 7 in Evocations
  3974 | Orc:2    | Noticed a soul eater
  3981 | Orc:2    | Reached skill level 9 in Fighting
  3995 | Orc:2    | Killed a soul eater
  3995 | Orc:2    | Reached skill level 6 in Conjurations
  3995 | Orc:2    | Reached skill level 6 in Hexes
  3995 | Orc:2    | Reached skill level 6 in Charms
  3995 | Orc:2    | Reached skill level 6 in Summonings
  3995 | Orc:2    | Reached skill level 6 in Necromancy
  3995 | Orc:2    | Reached skill level 6 in Translocations
  3995 | Orc:2    | Reached skill level 6 in Fire Magic
  3995 | Orc:2    | Reached skill level 6 in Ice Magic
  3995 | Orc:2    | Reached skill level 6 in Air Magic
  3995 | Orc:2    | Reached skill level 6 in Earth Magic
  3995 | Orc:2    | Reached skill level 6 in Poison Magic
  4011 | Orc:2    | Noticed a sun demon
  4013 | Orc:2    | Killed a sun demon
  4013 | Orc:2    | Reached skill level 8 in Invocations
  4018 | Orc:2    | Reached skill level 9 in Spellcasting
  4061 | Orc:2    | Noticed Sonja
  4069 | Orc:2    | Killed Sonja
  4092 | Orc:2    | Noticed an orc high priest
  4095 | Orc:2    | Killed an orc high priest
  4095 | Orc:2    | Reached skill level 10 in Unarmed Combat
  4118 | Orc:2    | Noticed an orc high priest
  4122 | Orc:2    | Killed an orc high priest
  4122 | Orc:2    | Reached skill level 9 in Dodging
  4184 | Orc:2    | Reached XP level 13. HP: 113/113 MP: 9/26
  4192 | Orc:2    | Reached skill level 10 in Fighting
  4221 | Orc:2    | Found Voakk's Book Shop.
  4221 | Orc:2    | Found a one-way gate leading to the halls of Pandemonium.
  4221 | Orc:2    | Found Gefogg's Antique Armour Boutique.
  4230 | Orc:2    | Bought an ichor-stained scale mail for 180 gold pieces
  4240 | Orc:2    | Identified the +2 scale mail "Fuhoustyumm" {rN++ Regen+ Dex-4 Slay+4} (You bought it in a shop on level 2 of the Orcish Mines)
  4307 | Orc:2    | Bought a potion of brilliance for 56 gold pieces
  4307 | Orc:2    | Bought a potion of magic for 112 gold pieces
  4307 | Orc:2    | Bought a potion of curing for 42 gold pieces
  4307 | Orc:2    | Bought a potion of might for 56 gold pieces
  4307 | Orc:2    | Bought a potion of agility for 56 gold pieces
  4307 | Orc:2    | Bought a potion of flight for 42 gold pieces
  4307 | Orc:2    | Bought a potion of agility for 56 gold pieces
  4307 | Orc:2    | Bought a potion of resistance for 140 gold pieces
  4309 | Orc:2    | Bought a potion of curing for 30 gold pieces
  4309 | Orc:2    | Bought a potion of agility for 40 gold pieces
  4309 | Orc:2    | Bought a potion of flight for 30 gold pieces
  4326 | Elf:1    | Entered Level 1 of the Elven Halls
  4336 | Elf:1    | Reached ****** piety under Cheibriados
  4336 | Elf:1    | Reached skill level 8 in Short Blades
  4336 | Elf:1    | Reached skill level 8 in Long Blades
  4336 | Elf:1    | Reached skill level 8 in Axes
  4336 | Elf:1    | Reached skill level 8 in Maces & Flails
  4336 | Elf:1    | Reached skill level 8 in Polearms
  4336 | Elf:1    | Reached skill level 8 in Staves
  4336 | Elf:1    | Reached skill level 8 in Slings
  4336 | Elf:1    | Reached skill level 8 in Bows
  4336 | Elf:1    | Reached skill level 8 in Crossbows
  4336 | Elf:1    | Reached skill level 8 in Throwing
  4336 | Elf:1    | Reached skill level 8 in Armour
  4336 | Elf:1    | Reached skill level 8 in Stealth
  4336 | Elf:1    | Reached skill level 8 in Shields
  4336 | Elf:1    | Reached skill level 8 in Evocations
  4429 | Elf:1    | Noticed a deep elf demonologist
  4430 | Elf:1    | Cast into level 2 of the Abyss (a deep elf demonologist)
  4480 | Abyss:3  | Got an ancient dagger
  4484 | Abyss:3  | Learned a level 2 spell: Blink
  4498 | Elf:1    | Escaped the Abyss
  4502 | Elf:1    | Killed a deep elf demonologist
  4503 | Elf:1    | Identified the +6 dagger of Earthquakes {speed, Dex+3} (You found it on level 3 of the Abyss)
  4541 | Elf:1    | Reached skill level 9 in Invocations
  4543 | Elf:1    | Reached skill level 8 in Transmutations
  4568 | Elf:1    | Found a deep blue altar of Sif Muna.
  4568 | Elf:1    | Noticed a mummy priest
  4572 | Elf:1    | Noticed a jiangshi
  4572 | Elf:1    | Killed a mummy priest
  4572 | Elf:1    | Reached skill level 7 in Conjurations
  4572 | Elf:1    | Reached skill level 7 in Hexes
  4572 | Elf:1    | Reached skill level 7 in Charms
  4572 | Elf:1    | Reached skill level 7 in Summonings
  4572 | Elf:1    | Reached skill level 7 in Necromancy
  4572 | Elf:1    | Reached skill level 7 in Translocations
  4572 | Elf:1    | Reached skill level 7 in Fire Magic
  4572 | Elf:1    | Reached skill level 7 in Ice Magic
  4572 | Elf:1    | Reached skill level 7 in Air Magic
  4572 | Elf:1    | Reached skill level 7 in Earth Magic
  4572 | Elf:1    | Reached skill level 7 in Poison Magic
  4572 | Elf:1    | Noticed a reaper
  4600 | Elf:1    | Reached skill level 11 in Fighting
  4654 | Elf:1    | Learned a level 4 spell: Summon Lightning Spire
  4670 | Elf:1    | Got a vibrating jade amulet
  4671 | Elf:1    | Identified the amulet "Ytoybben" {RegenMP MR+ Slay+3} (You took it off a vampire mage on level 1 of the Elven Halls)
  4755 | Elf:3    | Entered Level 3 of the Elven Halls
  4784 | Elf:2    | Got an opalescent robe
  4823 | Elf:3    | Reached skill level 10 in Spellcasting
  4824 | Elf:3    | Reached XP level 14. HP: 96/124 MP: 22/28
  4849 | Elf:3    | Found Cureugh's Book Boutique.
  4888 | Elf:1    | Identified the +3 robe of Understanding {Int+5} (You found it on level 2 of the Elven Halls)
  4973 | Elf:3    | Reached skill level 10 in Dodging
  4991 | Elf:3    | Noticed Jorgrun
  5020 | Elf:3    | Killed Jorgrun
  5020 | Elf:3    | Reached skill level 11 in Unarmed Combat
  5059 | Elf:3    | Noticed a deep elf annihilator
  5082 | Elf:3    | Reached skill level 9 in Short Blades
  5082 | Elf:3    | Reached skill level 9 in Long Blades
  5082 | Elf:3    | Reached skill level 9 in Axes
  5082 | Elf:3    | Reached skill level 9 in Maces & Flails
  5082 | Elf:3    | Reached skill level 9 in Polearms
  5082 | Elf:3    | Reached skill level 9 in Staves
  5082 | Elf:3    | Reached skill level 9 in Slings
  5082 | Elf:3    | Reached skill level 9 in Bows
  5082 | Elf:3    | Reached skill level 9 in Crossbows
  5082 | Elf:3    | Reached skill level 9 in Throwing
  5082 | Elf:3    | Reached skill level 9 in Armour
  5082 | Elf:3    | Reached skill level 9 in Stealth
  5082 | Elf:3    | Reached skill level 9 in Shields
  5082 | Elf:3    | Reached skill level 9 in Evocations
  5095 | Elf:3    | Noticed a deep elf demonologist
  5101 | Elf:3    | Killed a deep elf demonologist
  5102 | Elf:3    | Noticed a deep elf sorcerer
  5102 | Elf:3    | Killed a deep elf annihilator
  5106 | Elf:3    | Noticed a deep elf elementalist
  5108 | Elf:3    | Killed a deep elf sorcerer
  5109 | Elf:3    | Noticed a deep elf annihilator
  5109 | Elf:3    | Killed a deep elf elementalist
  5110 | Elf:3    | Noticed a deep elf elementalist
  5113 | Elf:3    | Killed a deep elf elementalist
  5114 | Elf:3    | Killed a deep elf annihilator
  5114 | Elf:3    | Reached skill level 10 in Invocations
  5144 | Elf:3    | Noticed a deep elf sorcerer
  5151 | Elf:3    | Killed a deep elf sorcerer
  5153 | Elf:3    | Noticed a deep elf annihilator
  5166 | Elf:3    | Killed a deep elf annihilator
  5173 | Elf:3    | Noticed a deep elf elementalist
  5177 | Elf:3    | Killed a deep elf elementalist
  5177 | Elf:3    | Reached skill level 12 in Fighting
  5182 | Elf:3    | Noticed a deep elf elementalist
  5185 | Elf:3    | Killed a deep elf elementalist
  5190 | Elf:3    | Noticed a deep elf elementalist
  5191 | Elf:3    | Noticed a deep elf demonologist
  5193 | Elf:3    | Killed a deep elf demonologist
  5194 | Elf:3    | Noticed a deep elf blademaster
  5198 | Elf:3    | Killed a deep elf blademaster
  5202 | Elf:3    | Killed a deep elf elementalist
  5205 | Elf:3    | Noticed a deep elf annihilator
  5214 | Elf:3    | Killed a deep elf annihilator
  5219 | Elf:3    | Noticed a deep elf annihilator
  5220 | Elf:3    | Noticed a deep elf demonologist
  5223 | Elf:3    | Killed a deep elf demonologist
  5223 | Elf:3    | Reached skill level 8 in Conjurations
  5223 | Elf:3    | Reached skill level 8 in Hexes
  5223 | Elf:3    | Reached skill level 8 in Charms
  5223 | Elf:3    | Reached skill level 8 in Summonings
  5223 | Elf:3    | Reached skill level 8 in Necromancy
  5223 | Elf:3    | Reached skill level 8 in Translocations
  5223 | Elf:3    | Reached skill level 8 in Fire Magic
  5223 | Elf:3    | Reached skill level 8 in Ice Magic
  5223 | Elf:3    | Reached skill level 8 in Air Magic
  5223 | Elf:3    | Reached skill level 8 in Earth Magic
  5223 | Elf:3    | Reached skill level 8 in Poison Magic
  5223 | Elf:3    | Reached XP level 15. HP: 88/134 MP: 3/29
  5234 | Elf:3    | Reached skill level 9 in Transmutations
  5254 | Elf:3    | Noticed a deep elf elementalist
  5265 | Elf:3    | Killed a deep elf elementalist
  5275 | Elf:3    | Noticed a deep elf master archer
  5286 | Elf:3    | Killed a deep elf master archer
  5301 | Elf:3    | Noticed a deep elf master archer
  5318 | Elf:3    | Killed a deep elf master archer
  5340 | Elf:3    | Noticed a deep elf elementalist
  5342 | Elf:3    | Noticed a deep elf sorcerer
  5343 | Elf:3    | Killed a deep elf elementalist
  5347 | Elf:3    | Killed a deep elf sorcerer
  5347 | Elf:3    | Reached skill level 11 in Spellcasting
  5352 | Elf:3    | Got an ivory scimitar {flame}
  5358 | Elf:3    | Noticed a deep elf elementalist
  5364 | Elf:3    | Noticed a deep elf sorcerer
  5370 | Elf:3    | Killed a deep elf elementalist
  5375 | Elf:3    | Reached skill level 10 in Short Blades
  5375 | Elf:3    | Reached skill level 10 in Long Blades
  5375 | Elf:3    | Reached skill level 10 in Axes
  5375 | Elf:3    | Reached skill level 10 in Maces & Flails
  5375 | Elf:3    | Reached skill level 10 in Polearms
  5375 | Elf:3    | Reached skill level 10 in Staves
  5375 | Elf:3    | Reached skill level 10 in Slings
  5375 | Elf:3    | Reached skill level 10 in Bows
  5375 | Elf:3    | Reached skill level 10 in Crossbows
  5375 | Elf:3    | Reached skill level 10 in Throwing
  5375 | Elf:3    | Reached skill level 10 in Armour
  5375 | Elf:3    | Reached skill level 10 in Stealth
  5375 | Elf:3    | Reached skill level 10 in Shields
  5375 | Elf:3    | Reached skill level 10 in Evocations
  5376 | Elf:3    | Killed a deep elf sorcerer
  5379 | Elf:3    | Reached skill level 13 in Fighting
  5381 | Elf:3    | Identified the ring "Eklejun" {rCorr Dex+6} (You took it off a deep elf demonologist on level 3 of the Elven Halls)
  5383 | Elf:3    | Identified the +7 scimitar of Impatience {flame, *Drain +Blink rPois MR++} (You took it off a deep elf elementalist on level 3 of the Elven Halls)
  5404 | Elf:3    | Identified Izxi's Tome of the Snowflakes and Dislocation
  5406 | Elf:3    | Identified the Papyrus of Lightness and the Frostbite
  5449 | Elf:3    | Identified the Guide on Ensnaring Transformation
  5493 | Elf:3    | Learned a level 4 spell: Passage of Golubria
  5566 | Elf:3    | Noticed a deep elf sorcerer
  5571 | Elf:3    | Reached skill level 11 in Dodging
  5575 | Elf:3    | Killed a deep elf sorcerer
  5651 | Elf:3    | Reached skill level 11 in Invocations
  5699 | Elf:3    | Bought a book of Geomancy for 595 gold pieces
  5851 | D:12     | Found a radiant altar of Vehumet.
  5979 | D:11     | Noticed Gastronok
  5992 | D:11     | Killed Gastronok
  6350 | D:9      | Found a staircase to the Lair.
  6357 | Lair:1   | Entered Level 1 of the Lair of Beasts
  6395 | Lair:2   | Reached skill level 12 in Unarmed Combat
  6425 | Lair:4   | Found a staircase to the Snake Pit.
  6433 | Lair:4   | Noticed Nergalle
  6443 | Lair:4   | Killed Nergalle
  6466 | Lair:4   | Reached XP level 16. HP: 138/144 MP: 26/31
  6485 | Lair:6   | Entered Level 6 of the Lair of Beasts
  6566 | Lair:5   | Found a viscous altar of Jiyva.
  6566 | Lair:5   | Found a staircase to the Slime Pits.
  6765 | Lair:6   | Reached skill level 9 in Conjurations
  6765 | Lair:6   | Reached skill level 9 in Hexes
  6765 | Lair:6   | Reached skill level 9 in Charms
  6765 | Lair:6   | Reached skill level 9 in Summonings
  6765 | Lair:6   | Reached skill level 9 in Necromancy
  6765 | Lair:6   | Reached skill level 9 in Translocations
  6765 | Lair:6   | Reached skill level 9 in Fire Magic
  6765 | Lair:6   | Reached skill level 9 in Ice Magic
  6765 | Lair:6   | Reached skill level 9 in Air Magic
  6765 | Lair:6   | Reached skill level 9 in Earth Magic
  6765 | Lair:6   | Reached skill level 9 in Poison Magic
  7006 | Lair:5   | Noticed Nessos
  7029 | Lair:5   | Killed Nessos
  7082 | Lair:5   | Reached skill level 14 in Fighting
  7520 | Lair:3   | Learned a level 6 spell: Statue Form
  7523 | Lair:3   | Learned a level 2 spell: Passwall
  7606 | Lair:4   | Noticed Urug
  7616 | Lair:4   | Killed Urug
  7651 | Snake:1  | Entered Level 1 of the Snake Pit
  7681 | Snake:1  | Reached skill level 10 in Transmutations
  7877 | Snake:2  | Noticed a nagaraja
  7884 | Snake:2  | Killed a nagaraja
  7884 | Snake:2  | Reached skill level 11 in Short Blades
  7884 | Snake:2  | Reached skill level 11 in Long Blades
  7884 | Snake:2  | Reached skill level 11 in Axes
  7884 | Snake:2  | Reached skill level 11 in Maces & Flails
  7884 | Snake:2  | Reached skill level 11 in Polearms
  7884 | Snake:2  | Reached skill level 11 in Staves
  7884 | Snake:2  | Reached skill level 11 in Slings
  7884 | Snake:2  | Reached skill level 11 in Bows
  7884 | Snake:2  | Reached skill level 11 in Crossbows
  7884 | Snake:2  | Reached skill level 11 in Throwing
  7884 | Snake:2  | Reached skill level 11 in Armour
  7884 | Snake:2  | Reached skill level 11 in Stealth
  7884 | Snake:2  | Reached skill level 11 in Shields
  7884 | Snake:2  | Reached skill level 11 in Evocations
  7895 | Snake:3  | Noticed a nagaraja
  7965 | Snake:4  | Entered Level 4 of the Snake Pit
  7971 | Snake:4  | Reached skill level 12 in Spellcasting
  7973 | Snake:4  | Reached XP level 17. HP: 154/154 MP: 22/33
  7997 | Snake:4  | Reached skill level 12 in Invocations
  8054 | Snake:3  | Reached skill level 12 in Dodging
  8320 | Snake:4  | Reached skill level 15 in Fighting
  8324 | Snake:4  | Reached skill level 13 in Unarmed Combat
  8389 | Snake:4  | Got a serpentine rune of Zot
  8460 | Snake:2  | Reached skill level 10 in Conjurations
  8460 | Snake:2  | Reached skill level 10 in Hexes
  8460 | Snake:2  | Reached skill level 10 in Charms
  8460 | Snake:2  | Reached skill level 10 in Summonings
  8460 | Snake:2  | Reached skill level 10 in Necromancy
  8460 | Snake:2  | Reached skill level 10 in Translocations
  8460 | Snake:2  | Reached skill level 10 in Fire Magic
  8460 | Snake:2  | Reached skill level 10 in Ice Magic
  8460 | Snake:2  | Reached skill level 10 in Air Magic
  8460 | Snake:2  | Reached skill level 10 in Earth Magic
  8460 | Snake:2  | Reached skill level 10 in Poison Magic
  8523 | Snake:2  | Found Ehacoem's Antique Weapon Boutique.
  8530 | Snake:2  | Reached XP level 18. HP: 163/163 MP: 28/34
  8625 | Lair:4   | Found a staircase to the Shoals.
  8636 | Shoals:1 | Entered Level 1 of the Shoals
  8653 | Shoals:1 | Found a transporter.
  8674 | Shoals:1 | Noticed a Brimstone Fiend
  8685 | Shoals:1 | Killed a Brimstone Fiend
  8691 | Shoals:1 | Found the +5 pair of quick blades "Gyre" and "Gimble" {pierce, Dex-3}
  8693 | Shoals:1 | Found a transporter.
  8708 | Shoals:1 | Identified the ring of Munadd {*Slow rC+ AC+1 Str+3 Dex+3} (You found it on level 1 of the Shoals)
  8709 | Shoals:1 | Identified the ring "Selu" {-Tele rF+ Int+9} (You found it on level 1 of the Shoals)
  8716 | Shoals:1 | Learned a level 4 spell: Animate Dead
  8737 | Shoals:2 | You fall through a shaft!
  8807 | Shoals:4 | Entered Level 4 of the Shoals
  8842 | Shoals:4 | Reached skill level 12 in Short Blades
  8842 | Shoals:4 | Reached skill level 12 in Long Blades
  8842 | Shoals:4 | Reached skill level 12 in Axes
  8842 | Shoals:4 | Reached skill level 12 in Maces & Flails
  8842 | Shoals:4 | Reached skill level 12 in Polearms
  8842 | Shoals:4 | Reached skill level 12 in Staves
  8842 | Shoals:4 | Reached skill level 12 in Slings
  8842 | Shoals:4 | Reached skill level 12 in Bows
  8842 | Shoals:4 | Reached skill level 12 in Crossbows
  8842 | Shoals:4 | Reached skill level 12 in Throwing
  8842 | Shoals:4 | Reached skill level 12 in Armour
  8842 | Shoals:4 | Reached skill level 12 in Stealth
  8842 | Shoals:4 | Reached skill level 12 in Shields
  8842 | Shoals:4 | Reached skill level 12 in Evocations
  8885 | Shoals:4 | Found a frozen archway.
  8896 | IceCv    | Entered an ice cave
  8974 | IceCv    | Reached skill level 13 in Invocations
  9044 | IceCv    | Identified Sif Muna's Collected Works on the Bewitching Blaze
  9046 | IceCv    | Got a twitching ivory ring
  9048 | IceCv    | Identified the ring "Foihin" {rC++ Str+6 Int-5 SInv} (You found it in an ice cave)
  9083 | Shoals:4 | Reached skill level 11 in Transmutations
  9121 | Shoals:4 | Identified the +8 plate armour of Negation {Str-4 Dex+6} (You found it on level 4 of the Shoals)
  9140 | Shoals:4 | Identified the +2 chain mail "Ipocwora" {rElec} (You found it on level 4 of the Shoals)
  9301 | Shoals:3 | Identified the amulet "Gieluw" {Harm *Drain +Inv rN+ MR+ Dex-3} (You found it on level 3 of the Shoals)
  9375 | Shoals:4 | Found the cursed necklace of Bloodlust {*Rage +Rage MR++ Int-3 Slay+6 *Curse}
  9412 | Shoals:4 | Reached skill level 13 in Spellcasting
  9414 | Shoals:4 | Got a barnacled rune of Zot
  9442 | Shoals:4 | Noticed Ilsuiw
  9447 | Shoals:4 | Killed Ilsuiw
  9538 | Shoals:3 | Reached skill level 16 in Fighting
  9745 | Slime:1  | Entered Level 1 of the Pits of Slime
  9794 | Slime:1  | Reached skill level 13 in Dodging
  9845 | Slime:1  | Gained mutation: You occasionally shout uncontrollably at your foes. [a shining eye]
  9881 | Slime:2  | Reached XP level 19. HP: 172/172 MP: 13/36
  9926 | Slime:1  | Learned a level 5 spell: Irradiate
 10050 | Slime:4  | Lost mutation: You are robust. (+10% HP) [a shining eye]
 10054 | Slime:4  | Lost mutation: You are agile. (Dex +2) [a shining eye]
 10055 | Slime:4  | Gained mutation: Scrolls take you a little longer to read. [a shining eye]
 10058 | Slime:4  | Paralysed by a great orb of eyes for 6 turns
 10058 | Slime:4  | Gained mutation: You are frail. (-10% HP) [a shining eye]
 10061 | Slime:4  | Mangled by a very large slime creature

Skill      XL: |  1  2  3  4  5  6  7  8  9 10 11 12 13 14 15 16 17 18 |
---------------+-------------------------------------------------------+-----
Spellcasting   | 5 6 7 8 9 10 11 12 13 | 13.3
Invocations    | 1 2 3 4 5 6 7 8 9 10 11 12 13 | 13.5
Short Blades   | 1 2 3 4 5 6 7 8 9 10 11 12 | 12.5
Long Blades    | 1 2 3 4 5 6 7 8 9 10 11 12 | 12.5
Axes           | 1 2 3 4 5 6 7 8 9 10 11 12 | 12.5
Maces & Flails | 1 2 3 4 5 6 7 8 9 10 11 12 | 12.5
Polearms       | 1 2 3 4 5 6 7 8 9 10 11 12 | 12.5
Staves         | 1 2 3 4 5 6 7 8 9 10 11 12 | 12.5
Slings         | 1 2 3 4 5 6 7 8 9 10 11 12 | 12.5
Bows           | 1 2 3 4 5 6 7 8 9 10 11 12 | 12.5
Crossbows      | 1 2 3 4 5 6 7 8 9 10 11 12 | 12.5
Throwing       | 1 2 3 4 5 6 7 8 9 10 11 12 | 12.5
Armour         | 1 2 3 4 5 6 7 8 9 10 11 12 | 12.5
Stealth        | 1 2 3 4 5 6 7 8 9 10 11 12 | 12.5
Shields        | 1 2 3 4 5 6 7 8 9 10 11 12 | 12.5
Evocations     | 1 2 3 4 5 6 7 8 9 10 11 12 | 12.5
Conjurations   | 1 2 3 4 5 6 7 8 9 10 | 10.7
Hexes          | 1 2 3 4 5 6 7 8 9 10 | 10.7
Charms         | 1 2 3 4 5 6 7 8 9 10 | 10.7
Summonings     | 1 2 3 4 5 6 7 8 9 10 | 10.7
Necromancy     | 1 2 3 4 5 6 7 8 9 10 | 10.7
Translocations | 1 2 3 4 5 6 7 8 9 10 | 10.7
Fire Magic     | 1 2 3 4 5 6 7 8 9 10 | 10.7
Ice Magic      | 1 2 3 4 5 6 7 8 9 10 | 10.7
Air Magic      | 1 2 3 4 5 6 7 8 9 10 | 10.7
Earth Magic    | 1 2 3 4 5 6 7 8 9 10 | 10.7
Poison Magic   | 1 2 3 4 5 6 7 8 9 10 | 10.7
Fighting       | 3 4 5 6 8 9 11 12 13 14 15 16 | 16.4
Transmutations | 4 5 6 7 8 9 10 11 | 11.3
Dodging        | 5 6 7 8 9 10 11 12 13 | 13.2
Unarmed Combat | 7 8 9 10 11 12 13 | 13.8

Action                   |  1- 3 |  4- 6 |  7- 9 | 10-12 | 13-15 | 16-18 | 19-21 || total
-------------------------+-------+-------+-------+-------+-------+-------+-------++-------
Melee: Unarmed           |    89 |    85 |   210 |    62 |    28 |   147 |    41 ||   662
       Kick              |    13 |       |     6 |    22 |       |       |       ||    41
       Bite              |     5 |     1 |    17 |    55 |    21 |    89 |     7 ||   195
       Headbutt          |     1 |     2 |       |       |       |       |       ||     3
       Punch             |     4 |     1 |       |     6 |     1 |       |       ||    12
       Dagger            |       |     2 |    18 |    10 |    13 |       |       ||    43
       Hand axe          |       |       |       |   174 |       |       |       ||   174
       Demon whip        |       |       |       |       |   116 |   295 |       ||   411
 Fire: Blowgun           |       |       |       |       |     3 |       |       ||     3
Throw: Stone             |     4 |       |       |     1 |       |       |       ||     5
       Javelin           |       |       |     5 |    16 |       |     5 |     4 ||    30
       Tomahawk          |       |       |       |    32 |    74 |    53 |       ||   159
       Throwing net      |       |       |       |     1 |       |       |       ||     1
 Cast: Beastly Appendage |    16 |     2 |     2 |     2 |       |       |       ||    22
       Spider Form       |     1 |    12 |    17 |       |       |     1 |       ||    31
       Sticks to Snakes  |     1 |     3 |    10 |     1 |       |     5 |     2 ||    22
       Apportation       |       |       |     8 |    43 |    69 |   127 |       ||   247
       Blade Hands       |       |       |     5 |    12 |     3 |       |       ||    20
       Confuse           |       |       |     5 |     1 |       |       |       ||     6
       Animate Skeleton  |       |       |     3 |     7 |       |     1 |       ||    11
       Borgnjor's Vile C |       |       |       |    29 |    79 |   112 |       ||   220
       Regeneration      |       |       |       |     4 |     9 |    16 |     2 ||    31
       Summon Lightning  |       |       |       |       |     9 |     8 |     3 ||    20
       Passage of Golubr |       |       |       |       |    35 |    17 |       ||    52
       Blink             |       |       |       |       |     3 |     1 |     2 ||     6
       Statue Form       |       |       |       |       |       |    39 |     2 ||    41
       Passwall          |       |       |       |       |       |    25 |       ||    25
       Animate Dead      |       |       |       |       |       |     2 |       ||     2
       Irradiate         |       |       |       |       |       |       |     4 ||     4
Invok: Bend Time         |       |       |     1 |       |       |       |       ||     1
       Slouch            |       |       |       |     1 |     7 |    22 |     6 ||    36
       Temporal Distorti |       |       |       |       |       |     1 |       ||     1
 Abil: End Transformatio |       |       |     1 |     5 |     1 |     1 |       ||     8
Evoke: Wand              |       |     1 |    13 |    22 |    10 |    28 |     5 ||    79
       Lamp of fire      |       |       |       |       |     1 |       |       ||     1
  Use: Potion            |       |     2 |     6 |     2 |     6 |     4 |     4 ||    24
       Scroll            |       |     8 |     5 |     6 |    16 |    26 |       ||    61
 Stab: Sleeping          |       |     1 |     3 |     3 |    17 |    15 |       ||    39
       Paralysed         |       |     2 |     2 |    23 |       |       |       ||    27
       Distracted        |       |       |     2 |       |     4 |     7 |       ||    13
       Confused          |       |       |     3 |       |       |       |       ||     3
       Held in net/web   |       |       |       |     3 |       |       |       ||     3
  Eat: Chunk             |       |     1 |     6 |     4 |     7 |       |       ||    18
       Ration            |       |       |     1 |     4 |     1 |     4 |       ||    10
Armor: Robe              |     9 |     3 |     7 |    10 |       |       |       ||    29
       Skin              |       |     1 |     8 |       |    19 |   153 |    40 ||   221
       Ring mail         |       |       |       |    15 |       |       |       ||    15
       Scale mail        |       |       |       |       |    25 |    46 |     3 ||    74
       Troll leather arm |       |       |       |       |     1 |       |       ||     1
Dodge: Dodged            |    49 |    58 |   195 |   216 |    87 |  1052 |   138 ||  1795
       Deflected         |       |       |       |       |       |    16 |     6 ||    22
Block: Buckler           |       |       |     7 |    66 |    59 |   500 |    74 ||   706

Table legend:
 A = Turns spent in this place as a percentage of turns spent in the entire game.
 B = Non-inter-level travel turns spent in this place as a percentage of non-inter-level travel turns spent in the entire game.
 C = Inter-level travel turns spent in this place as a percentage of turns spent in this place.
 D = Turns resting spent in this place as a percentage of non-inter-level travel turns spent in this place.
 E = Turns spent auto-exploring this place as a percentage of non-inter-level travel turns spent in this place.
 F = Non-inter-level travel turns spent in this place divided by the number of levels of this place that you've seen.
                   A       B       C       D       E      F
               +-------+-------+-------+-------+-------+----------------------
         Total | 100.0 | 100.0 |   1.1 |   0.0 |   0.0 | 255.1
       Dungeon |  36.1 |  36.1 |   1.3 |   0.0 |   0.0 | 298.9
        Temple |   1.2 |   0.7 |  41.0 |   0.0 |   0.0 |  72.0
          Lair |  13.7 |  13.9 |   0.0 |   0.0 |   0.0 | 229.8
        Shoals |   8.7 |   8.8 |   0.0 |   0.0 |   0.0 | 219.0
     Snake Pit |   9.6 |   9.5 |   1.6 |   0.0 |   0.0 | 237.2
    Slime Pits |   3.1 |   3.2 |   0.0 |   0.0 |   0.0 |  79.0
  Orcish Mines |  11.7 |  11.9 |   0.0 |   0.0 |   0.0 | 590.0
   Elven Halls |  13.4 |  13.6 |   0.0 |   0.0 |   0.0 | 450.3
         Abyss |   0.7 |   0.7 |   0.0 |   0.0 |   0.0 |  34.0
      Ice Cave |   1.7 |   1.7 |   0.0 |   0.0 |   0.0 | 169.0
               +-------+-------+-------+-------+-------+----------------------

Table legend:
 A = Kills in this place as a percentage of kills in entire the game.
 B = Kills by you in this place as a percentage of kills by you in the entire game.
 C = Kills by friends in this place as a percentage of kills by friends in the entire game.
 D = Other kills in this place as a percentage of other kills in the entire game.
 E = Experience gained in this place as a percentage of experience gained in the entire game.
 F = Experience gained in this place divided by the number of levels of this place that you have seen.
                   A       B       C       D       E      F
               +-------+-------+-------+-------+-------+----------------------
         Total | 100.0 | 100.0 | 100.0 | 100.0 | 100.0 | 8813.7
       Dungeon |  21.5 |  21.5 |  19.0 |  37.5 |   3.6 | 1021.5
        Temple |   0.1 |   0.1 |   0.0 |   0.0 |   0.0 |  13.0
          Lair |  15.6 |  15.8 |  14.3 |   0.0 |  11.5 | 6568.0
        Shoals |  10.8 |   9.9 |  26.2 |  25.0 |  14.8 | 12704.8
     Snake Pit |  16.7 |  17.6 |   0.0 |   0.0 |  24.5 | 21024.5
    Slime Pits |   5.2 |   4.9 |  11.9 |   0.0 |  10.7 | 9205.5
  Orcish Mines |  18.0 |  18.6 |   4.8 |  25.0 |   8.4 | 14470.0
   Elven Halls |   9.8 |   9.9 |   7.1 |  12.5 |  24.6 | 28224.3
      Ice Cave |   2.3 |   1.7 |  16.7 |   0.0 |   2.0 | 6705.0
               +-------+-------+-------+-------+-------+----------------------

Vault maps used:
D:1:      arrival_aquarium_b
D:2:      fiery_altar_vehumet, minmay_misc_feat_chi, lemuel_tele_altar,
          uniq_robin
D:3:      trog_eyes_of_draining, first_ration, glass_columns_c
D:4:      kennysheep_mini_moat, old_standard_altar, serial_shops,
          shop_fountains, fedhas_altar_3, uniq_menkaure, uniq_grinder
D:5:      uniq_blork_the_orc
D:6:      minmay_unpleasant_kobolds, uniq_eustachio
D:7:      minmay_temple_entry_junction, serial_shops,
          nicolae_shop_temple_entry_statues_fountains
D:8:      serial_shops, shop, uniq_grum
D:9:      lair_entry_dummy, david_orc_1_choice
D:11:     uniq_gastronok
D:12:     basic_altar
Temple:   dpeg_five_rooms_temple
Lair:1:   dpeg_stationary_puzzle
Lair:4:   elwin_shoals_entry_rooms, guppyfry_snake_entry_garden,
          serial_bayou_shore_b, uniq_urug, uniq_nergalle
Lair:5:   dpeg_slime_entry_enclosed_altar, minmay_lair_oklob_items,
          serial_bayou_shore_b, serial_bayou_shore_b, uniq_nessos
Lair:6:   minmay_lair_end_enchanted_forest, lemuel_fruit_fields,
          lemuel_fruit_tree
Shoals:1: gammafunk_its_a_trap, uniq_roxanne
Shoals:3: cheibrodos_shoals_oceanic_diplomacy
Shoals:4: shoals_end_hangedman, shoal_ilsuiw, portal_ice_cave_entry_pillars_1,
          nicolae_shoals_water_shrine
Snake:2:  onia_ninara_swampy_vault, serial_shops, shop, st_stairs_10,
          nrook_guardian_serpent_double
Snake:3:  cheibrodos_snake_ritualist_ritual, nicolae_snake_lava_pool
Snake:4:  minmay_snake_end_coiled, grunt_ministairs_7, st_stairs_14,
          nicolae_snake_round_shape_thing, serial_bayou_shore_b,
          serial_bayou_shore_b
Slime:1:  cheibrodos_slime_lost_civilization_5
Orc:1:    uniq_erolcha
Orc:2:    pf_orc_diabolical, uniq_sonja
Elf:1:    eino_elf_arrival_customs, serial_shops, shop_scrolls,
          kennysheep_underground_church, spider_trap, hangedman_summoners_spam,
          minmay_shop_star
Elf:2:    uniq_louise, uniq_nikola, uniq_agnes
Elf:3:    minmay_elf_hall_curves, serial_shops, nicolae_shop_crystal,
          uniq_jorgrun
Abyss:3:  guppyfry_abyss_exit_glass_guarded
IceCv:    ice_cave_statue_garden_chambered
